 Dungeon Sprint DCSS version 0.30-a0-964-gd452b5e7fa (webtiles) character file.

Game seed: 14516783649807820076

28 Parcival the Trooper (level 3, 0/36 HPs)
             Began as a Minotaur Fighter on Mar 30, 2023.
             Slain by a human (6 damage)
             ... in the Dungeon (Sprint III: "The Ten Rune Challenge").
             The game lasted 00:00:24 (160 turns).

Parcival the Trooper (Minotaur Fighter)              Turns: 160, Time: 00:00:24

Health: 0/36       AC:  7    Str: 22    XL:     3   Next: 0%
Magic:  2/2        EV:  9    Int:  5    God:
Gold:   0          SH:  4    Dex:  9    Spells: 2/2 levels left

rFire   . . .      SeeInvis .    a - +0 war axe
rCold   . . .      Faith    .    c - +0 buckler
rNeg    . . .      Spirit   .    b - +0 scale mail
rPois   .          Reflect  .    (helmet restricted)
rElec   .          Rampage  .    (no cloak)
rCorr   .          NoTele   +    (no gloves)
Will    .....                    (no boots) Stlth
                                 (no amulet)
HPRegen 0.26/turn                (no ring)
MPRegen 0.08/turn                (no ring)

@: no status effects
A: horns 2, retaliatory headbutt
a: no special abilities


You were in the Dungeon.
You visited 1 branch

Inventory:

Hand Weapons
 a - a +0 war axe (weapon)
Armour
 b - a +0 scale mail (worn)
 c - a +0 buckler (worn)
Scrolls
 j - a scroll of blinking
Potions
 d - a potion of might
 e - a potion of curing
 f - a potion of heal wounds
 g - a potion of haste
 h - 2 potions of magic
 i - a potion of berserk rage
 k - a potion of brilliance {unknown}


   Skills:
 + Level 5.3 Fighting
 + Level 3.8 Axes
 + Level 5.3 Armour
 + Level 4.9 Shields


You had 2 spell levels left.
You didn't know any spells.
Your spell library was empty.

Dungeon Overview and Level Annotations

Branches:
Dungeon (1/1)

Altars:


Innate Abilities, Weirdness & Mutations

You have a pair of horns on your head.
You reflexively headbutt those who attack you in melee.


Message History

The human hits you.
You hit the human but do no damage.
The human is lightly wounded.
The human hits you.
You barely miss the human.
The human is lightly wounded.
The human barely misses you.
You hit the human but do no damage.
The human is lightly wounded.
The human hits you. You block the human's attack.
You hit the human.
The human is lightly wounded.
You block the human's attack.
You closely miss the human.
The human is lightly wounded.
The human hits you but does no damage.
You hit the human.
The human is moderately wounded.
The human hits you. The human barely misses you. You furiously retaliate!
You headbutt the human. You closely miss the human.
The human is heavily wounded.
The human hits you!
You barely miss the human.
The human is heavily wounded.
The human hits you.
You closely miss the human.
The human is heavily wounded.
You block the human's attack. The human hits you but does no damage.
You miss the human.
The human is heavily wounded.
The human hits you!
* * * LOW HITPOINT WARNING * * *
You hit the human but do no damage. You headbutt the human.
The human is heavily wounded.
The human closely misses you.
You barely miss the human.
The human is heavily wounded.
The human hits you.
You die...

▓.....#
▓.....#...~~..♣♣ .#
▓.....#..~~~~♣.♣♣.+
▓####'#..~≈≈~~~...#
▓[....#.~~≈~~~....#
▓...).#.~≈~~~.....#
▓.....#.~~~.......#
▓'#####...........#
▓..........@p.....#
▓▓▓▓▓▓▓▓▓▓▓▓▓▓▓▓▓▓▓


You could see a human.

Vanquished Creatures
  Jessica (D)
  An endoplasm (D)
  2 rats (D)
4 creatures vanquished.

Notes
Turn   | Place    | Note
-------+----------+-------------------------------------------
     0 | D        | Parcival the Minotaur Fighter began the quest for the Orb.
     0 | D        | Reached XP level 1. HP: 19/19 MP: 0/0
    56 | D        | Noticed Jessica
    65 | D        | Killed Jessica
    66 | D        | Reached skill level 5 in Fighting
    66 | D        | Reached skill level 5 in Armour
    66 | D        | Reached XP level 2. HP: 15/29 MP: 1/1
    66 | D        | Reached XP level 3. HP: 19/36 MP: 2/2
   160 | D        | Slain by a human

Illustrated notes

Levels and vault maps discovered:
D:        dungeon_sprint_mu [sprint_mu_entry_forest, sprint_mu_temple_rooms,
          sprint_mu_d1_horrors, sprint_mu_d2_genie, sprint_mu_d3_branching,
          sprint_mu_orc_legion, sprint_mu_elf_gauntlet, sprint_mu_hive_nellie,
          sprint_mu_lair_fedhas, sprint_mu_vaults_butterflies,
          sprint_mu_slime_circle, sprint_mu_swamp_cave, sprint_mu_shoals_archi,
          sprint_mu_blade_basic, sprint_mu_crypt_chambers,
          sprint_mu_tomb_spiral, sprint_mu_vestibule_basic,
          sprint_mu_gehenna_hellfire, sprint_mu_dis_giant,
          sprint_mu_tartarus_statrot, sprint_mu_cocytus_islands, sprint_mu_zot1]

Skill      XL: |  1 |
---------------+----+-----
Fighting       | 5 |  5.3
Armour         | 5 |  5.3
Shields        | 4 |  4.9
Axes           | 3 |  3.8

Action                     || total
---------------------------++-------
  Melee: War axe           ||    24
         Headbutt          ||     1
 Armour: Scale mail        ||    10
  Dodge: Dodged            ||     8
  Block: Buckler           ||     6

Table legend: (Time is in decaauts)
 A = Elapsed time spent in this place.
 B = Non-inter-level travel time spent in this place.
 C = Inter-level travel time spent in this place.
 D = Time resting spent in this place.
 E = Time spent auto-exploring this place.
 F = Levels seen in this place.
 G = Mean time per level.
                   A        B        C        D        E       F      G
               +--------+--------+--------+--------+--------+-----+--------+
         Total |    168 |    168 |      0 |      0 |    121 |   1 |  168.0 |
       Dungeon |    168 |    168 |      0 |      0 |    121 |   1 |  168.0 |
               +--------+--------+--------+--------+--------+-----+--------+

Top non-repeatable levels by time:
       D: 168 daAuts
